 Dungeon Crawl Stone Soup version 0.21.1-1-g345015f (webtiles) character file.

3 shakethe the Firebug (level 1, 0/10 HPs)
             Began as a Tengu Fire Elementalist on Feb 9, 2018.
             Slain by a jackal (2 damage)
             ... on level 1 of the Dungeon.
             The game lasted 00:01:34 (165 turns).

shakethe the Firebug (Tengu Fire Elementalist)       Turns: 165, Time: 00:01:34

Health: 0/10       AC:  2    Str:  8    XL:     1   Next: 50%
Magic:  1/4        EV: 12    Int: 15    God:
Gold:   10         SH:  0    Dex: 14    Spells: 3/4 levels left

rFire    . . .     SeeInvis .   k - +0 dagger
rCold    . . .     Gourm    .   (no shield)
rNeg     . . .     Faith    .   a - +0 robe
rPois    .         Spirit   .   (helmet restricted)
rElec    .         Reflect  .   (no cloak)
rCorr    .         Harm     .   (no gloves)
MR       .....                  (boots unavailable)
Stlth    ++........             (no amulet)
HPRegen  0.03/turn              (no ring)
MPRegen  0.09/turn              (no ring)

@: no status effects
A: beak, talons 3
a: no special abilities


You were on level 1 of the Dungeon.
You were not hungry.

You visited 1 branch of the dungeon, and saw 1 of its levels.

You collected 10 gold pieces.

Inventory:

Hand Weapons
 k - a +0 dagger (weapon)
   (You found it on level 1 of the Dungeon)
Armour
 a - a +0 robe (worn)
Scrolls
 e - a scroll of identify {unknown}
 i - a scroll of immolation {unknown}
Potions
 d - a potion of invisibility {unknown}
 f - a potion of agility {unknown}
 g - a potion of lignification {unknown}
 j - a potion of heal wounds {unknown}
Books
 b - a book of Flames
Comestibles
 c - a ration
 h - a chunk of flesh {@w0}


   Skills:
 - Level 2.1 Dodging
 - Level 2.0 Stealth
 + Level 2.0 Spellcasting
 + Level 1.6 Conjurations
 + Level 3.3 Fire Magic


You had 3 spell levels left.
You knew the following spells:

 Your Spells              Type           Power        Failure   Level  Hunger
a - Flame Tongue          Conj/Fire      #....        8%          1    #......


Dungeon Overview and Level Annotations

Branches:
Dungeon (1/15)

Altars:


Innate Abilities, Weirdness & Mutations

You have a beak for a mouth.
You have claws for feet.


Message History

The bat closely misses you.
Aim: a bat The flame tongue misses the bat.
The bat barely misses you.
You now have 1/4 mp.
Aim: a bat The flame tongue hits the bat.
The bat closely misses you.
You now have 0/4 mp.
The bat barely misses you. The bat closely misses you. The bat hits you.
You take 1 damage, and have 8/10 hp.
The bat misses you.
You closely miss the bat. The bat barely misses you.
The bat closely misses you.
Aim: a bat The flame tongue hits the bat.
You kill the bat!
You now have 0/4 mp.
i - a scroll labeled CADUPUE WILAE
j - a fuming puce potion A bat comes into view.
The bat misses you.
You hit the bat but do no damage. The bat closely misses you. x2
The bat hits you but does no damage.
Aim: a bat The flame tongue misses the bat.
The bat hits you but does no damage. The bat completely misses you.
You now have 0/4 mp.
You don't have enough magic to cast that spell.
The bat misses you. The bat hits you but does no damage.
The bat closely misses you. The bat hits you but does no damage.
The bat hits you.
You take 1 damage, and have 8/10 hp.
You hit the bat but do no damage. The bat closely misses you. x2
You barely miss the bat. Your peck misses the bat.
The bat hits you but does no damage.
You closely miss the bat. Your kick misses the bat. The bat hits you.
You take 1 damage, and have 7/10 hp.
You closely miss the bat. Your kick misses the bat. The bat misses you.
The bat barely misses you.
You hit the bat but do no damage. Your kick misses the bat.
The bat barely misses you. The bat barely misses you.
The bat closely misses you. The bat hits you but does no damage.
You see here a dagger.
k - a dagger The bat misses you.
k - a +0 dagger (weapon)
The bat barely misses you. The bat barely misses you. The bat misses you.
The bat misses you. The bat hits you. x2
You take 2 damage, and have 5/10 hp.
The bat misses you. The bat barely misses you.
You hit the bat.
You kill the bat!
A jackal comes into view.
The jackal barks!
You hear a shout!
The jackal moves out of view.
A jackal and a hobgoblin come into view.
Aim: a jackal The flame tongue hits the jackal.
The jackal misses you.
You now have 1/4 mp.
You closely miss the jackal.
Aim: a jackal (severely wounded)
The flame tongue misses the jackal.
The jackal barely misses you. The jackal closely misses you.
The jackal misses you.
You now have 0/4 mp.
You don't know that spell.
The jackal stops to sniff the ground.
The jackal bites you but does no damage.
The jackal closely misses you.
You closely miss the jackal.
You kill the jackal!
You barely miss the hobgoblin. The hobgoblin hits you.
You take 2 damage, and have 4/10 hp.
The hobgoblin barely misses you. The jackal barely misses you.
The jackal bites you but does no damage.
Aim: a jackal The flame tongue hits the jackal.
The jackal bites you but does no damage.
You now have 1/4 mp.
Aim: a jackal (lightly wounded)
The flame tongue hits the jackal.
The jackal closely misses you.
You now have 0/4 mp.
You don't know that spell.
The jackal bites you but does no damage.
The jackal bites you but does no damage.
The jackal barely misses you. The jackal closely misses you.
The jackal bites you.
* * * LOW HITPOINT WARNING * * *
You take 3 damage, and have 1/10 hp.
MASSIVE DAMAGE!!
The jackal bites you.
You die...

. #. ####### ##.
##P≈#..###### #..
###..≈≈≈≈.#.≈P###.#
#..##≈≈PP.≈##≈P##.##
#.....≈PP.....P##..#
#......[≈..........##
#..≈PP.≈.PP.@h≈.....#
#...........P...P...##
#...P..P≈.≈.P..g.....#
#<.P....P≈.P.........##
#.......≈≈.≈.....##...##
#PPP.(..P≈≈......###...#
# #≈.≈PP..PP......##
##..# .
#≈≈..P..≈.....### ##.#
#. #.≈P.≈....##### #.#
..


You could see a jackal and a hobgoblin.

Vanquished Creatures
  A jackal (D:1)
  2 bats (D:1)
  A frilled lizard (D:1)
4 creatures vanquished.

Notes
Turn   | Place    | Note
-------+----------+-------------------------------------------
     0 | D:1      | shakethe the Tengu Fire Elementalist began the quest for the Orb.
     0 | D:1      | Reached XP level 1. HP: 10/10 MP: 4/4
   163 | D:1      | HP: 1/10 [jackal (3)]
   165 | D:1      | Slain by a jackal

Action                   || total
-------------------------++-------
Melee: Unarmed           ||     8
       Dagger            ||     4
       Kick              ||     3
 Cast: Flame Tongue      ||    11
Armor: Robe              ||    11
Dodge: Dodged            ||    41

Vault maps used:
D:1:      lemuel_arrival_muddy, serial_aquarium, aquarium_bridge_long_separate,
          aquarium_window_fake, aquarium_window_fake, aquarium_window_2,
          aquarium_window_1, aquarium_view_2d, aquarium_view_2e,
          aquarium_balcony_3a, aquarium_pool_2

Table legend:
 A = Turns spent in this place as a percentage of turns spent in the entire game.
 B = Non-inter-level travel turns spent in this place as a percentage of non-inter-level travel turns spent in the entire game.
 C = Inter-level travel turns spent in this place as a percentage of turns spent in this place.
 D = Turns resting spent in this place as a percentage of non-inter-level travel turns spent in this place.
 E = Turns spent auto-exploring this place as a percentage of non-inter-level travel turns spent in this place.
 F = Non-inter-level travel turns spent in this place divided by the number of levels of this place that you've seen.
                   A       B       C       D       E      F
               +-------+-------+-------+-------+-------+----------------------
         Total | 100.0 | 100.0 |   0.0 |   0.0 |  33.9 | 165.0
       Dungeon | 100.0 | 100.0 |   0.0 |   0.0 |  33.9 | 165.0
               +-------+-------+-------+-------+-------+----------------------

Table legend:
 A = Kills in this place as a percentage of kills in entire the game.
 B = Kills by you in this place as a percentage of kills by you in the entire game.
 C = Kills by friends in this place as a percentage of kills by friends in the entire game.
 D = Other kills in this place as a percentage of other kills in the entire game.
 E = Experience gained in this place as a percentage of experience gained in the entire game.
 F = Experience gained in this place divided by the number of levels of this place that you have seen.
                   A       B       C       D       E      F
               +-------+-------+-------+-------+-------+----------------------
         Total | 100.0 | 100.0 |   N/A |   N/A | 100.0 |   5.0
       Dungeon | 100.0 | 100.0 |   N/A |   N/A | 100.0 |   5.0
               +-------+-------+-------+-------+-------+----------------------
